 Dungeon Crawl Stone Soup version 0.29.1-12-g30fa7ad0bf (webtiles) character file.

Game seed: 4776629135163190831

15 hawla the Chiller (level 2, -4/22 HPs)
             Began as a Meteoran Ice Elementalist on Dec 28, 2022.
             Slain by an orc
             ... wielding a +0 mace
              (8 damage)
             ... on level 3 of the Dungeon.
             The game lasted 00:00:44 (130 turns).

hawla the Chiller (Meteoran Ice Elementalist)        Turns: 130, Time: 00:00:45

Health: -4/22      AC:  2    Str:  9    XL:     2   Next: 88%
Magic:  4/7        EV: 12    Int: 16    God:
Gold:   23         SH:  0    Dex: 14    Spells: 6/7 levels left

rFire   . . .      SeeInvis .   (no weapon)
rCold   . . .      Faith    .   (no shield)
rNeg    . . .      Spirit   .   a - +0 robe
rPois   .          Reflect  .   (no helmet)
rElec   .          Harm     .   (no cloak)
rCorr   .          Rampage  .   (no gloves)
Will    .....                   (no boots)
Stlth   +.........              (no amulet)
HPRegen 0.07/turn               (no ring)
MPRegen 0.10/turn               (no ring)

@: glowing
A: sense surroundings 1, otherworldly, glowing, explore regen
a: no special abilities


You were on level 3 of the Dungeon.
You visited 1 branch of the dungeon, and saw 3 of its levels.

You collected 23 gold pieces.

Inventory:

Armour
 a - a +0 robe (worn)
Scrolls
 c - a scroll of noise {unknown}
Potions
 b - a potion of magic


   Skills:
 + Level 0.6 Fighting
 + Level 2.4 Dodging
 - Level 1.4 Stealth
 + Level 3.2 Spellcasting
 + Level 4.7 Ice Magic


You had 6 spell levels left.
You knew the following spells:

 Your Spells              Type           Power      Damage    Failure   Level
a - Freeze                Ice            68%        1d8       2%          1

Your spell library contained the following spells:

 Spells                   Type           Power      Damage    Failure   Level
 Frozen Ramparts          Ice            34%        1d6       8%          3
 Ozocubu's Armour         Ice            17%        N/A       8%          3
 Hailstorm                Conj/Ice       10%        3d5       56%         4


Dungeon Overview and Level Annotations

Branches:
Dungeon (3/15) Zot: 1669

Altars:


Innate Abilities, Weirdness & Mutations

You passively map a small area around you.
You are easily found by Zot.
You glow in the dark.
You regain HP and MP as you explore.


Message History

Aiming: Freeze (safe; 2% risk of failure)
Press: ? - help, Shift-Dir - straight line, f/p - adder
Aim: an adder (moderately wounded)
You freeze the adder.
The adder is almost dead.
You feel sick. The adder barely misses you. The adder bites you.
Unknown command.
Casting: Freeze (safe; 2% risk of failure)
Confirm with . or Enter, or press ? or * to list all spells.
Aiming: Freeze (safe; 2% risk of failure)
Press: ? - help, Shift-Dir - straight line, f/p - adder
Aim: an adder (almost dead)
You freeze the adder.
You kill the adder!
You feel sick.
Unknown command.
You feel sick.
An orc comes into view. It is wielding a +0 hand axe.
You feel sick.
The orc shouts!
You feel sick.
A frilled lizard comes into view.
You feel sick.
You are no longer poisoned.
An orc comes into view. It is wielding a +0 dagger.
The orc attacks as you move away! The orc completely misses you.
The frilled lizard hisses angrily.
The frilled lizard bites you.
* * * LOW HITPOINT WARNING * * *
Casting: Freeze (safe; 2% risk of failure)
Confirm with . or Enter, or press ? or * to list all spells.
Aiming: Freeze (safe; 2% risk of failure)
Press: ? - help, Shift-Dir - straight line, f - orc
Aim: an orc, wielding a +0 mace and wearing a +0 leather armour You freeze the orc.
The orc is lightly wounded.
The frilled lizard bites you.
* * * LOW HITPOINT WARNING * * *
The orc hits you with a +0 mace!
You die...

* #........+
##+####.#.####, ,
*#....*#.#.## *,, ,
*#.... #.#..# *,
#....##.##.###
+.....#.##.†.#o.#. ,
, #.........o.......
, ,
,#.....#.#####..###
, , ,
#.....#..o@lo.....
,######.########..##
#.............,,>..
,#.####.####### ###
#....#.# * * , #
#....#.#* ,
#.#.####.. ,,
#.#.#######
#..........


You could see 2 orcs and a frilled lizard.

Vanquished Creatures
  An adder (D:3)
  An orc (D:2)
  An endoplasm (D:2)
  A giant cockroach (D:3)
  A bat (D:2)
  A frilled lizard (D:1)
6 creatures vanquished.

Notes
Turn   | Place    | Note
-------+----------+-------------------------------------------
     0 | D:1      | hawla the Meteoran Ice Elementalist began the quest for the
                  | Orb.
     0 | D:1      | Reached XP level 1. HP: 14/14 MP: 5/5
    50 | D:2      | Reached XP level 2. HP: 12/20 MP: 2/7
   130 | D:3      | Slain by an orc

Illustrated notes

Levels and vault maps discovered:
D:1:      tarquinn_simple_flora_water_f, layout_basic,
          shapermc_ecumenical_altar_gd
D:2:      layout_basic, minmay_statues_item, uniq_sigmund
D:3:      layout_basic, xom_teletrap_fun, uniq_robin

Skill      XL: |  1 |
---------------+----+-----
Spellcasting   | 3 |  3.2
Fighting       | |  0.6
Dodging        | |  2.4
Stealth        | |  1.4
Ice Magic      | |  4.7

Action                   || total
-------------------------++-------
Melee: Unarmed           ||     1
 Cast: Freeze            ||    13
Dodge: Dodged            ||     6
